 Dungeon Crawl Stone Soup version 0.18.1-50-g88ac8fd (webtiles) character file.

12903 Peloso the Blocker (level 12, 0/104 HPs)
             Began as a Ghoul Fighter on Oct 31, 2016.
             Was a High Priest of Okawaru.
             Slain by a death yak (21 damage)
             ... led by a torpor snail
             ... on level 3 of the Lair of Beasts.
             The game lasted 00:29:39 (10498 turns).

Peloso the Blocker (Ghoul Fighter)                 Turns: 10498, Time: 00:29:39

Health: 0/104      AC: 18    Str: 21    XL:     12   Next: 0%
Magic:  21/21      EV: 11    Int:  3    God:    Okawaru [*****.]
Gold:   857        SH: 11    Dex: 12    Spells: 0 memorised, 11 levels left

rFire  . . .     SeeInvis .     X - +1 long sword (freeze)
rCold  + . .     Gourm    .     P - +0 plate armour
rNeg   + + +     Faith    .     c - +0 shield
rPois  ∞         Spirit   .     D - +1 helmet of Wasted Space {MP+9}
rElec  .         Dismiss  .     s - +0 cloak
rCorr  .         Reflect  .     (no gloves)
SustAt .         Harm     .     U - +0 pair of boots
MR     .....                    (no amulet)
Stlth  ..........               i - +3 ring of slaying
                                e - +4 ring of evasion

@: rotting, not resistant to hostile enchantments, extremely unstealthy
A: rotting body, claws 1, carnivore 3, cold resistance 1, negative energy
resistance 3, slow regeneration 1, torment resistance, unbreathing
a: Heroism, Finesse, Renounce Religion


You were on level 3 of the Lair of Beasts.
You worshipped Okawaru.
Okawaru was extremely pleased with you.
You were not hungry.

You visited 3 branches of the dungeon, and saw 14 of its levels.

You collected 857 gold pieces.

Inventory:

Hand Weapons
 X - a +1 long sword of freezing (weapon)
Armour
 c - a +0 shield (worn)
 s - a +0 cloak (worn)
 D - the +1 helmet of Wasted Space (worn) {MP+9}
   (You took it off Robin on level 4 of the Dungeon)

   It affects your magic capacity (+9).
 P - a +0 plate armour (worn)
 U - a +0 pair of boots (worn)
Jewellery
 a - an uncursed amulet of harm {unknown}
 e - a +4 ring of evasion (left claw)
 i - a +3 ring of slaying (right claw)
 o - a +1 ring of protection
 B - an uncursed ring of resist corrosion
Scrolls
 m - 3 scrolls of amnesia
 p - 3 scrolls of recharging {unknown}
 q - 2 scrolls of remove curse
 r - 3 scrolls of magic mapping {unknown}
 t - a scroll of silence {unknown}
 u - a scroll of random uselessness {unknown}
 x - a scroll of identify
 y - 4 scrolls of fear
 C - 2 scrolls of fog {unknown}
 E - 4 scrolls of teleportation
 F - 2 scrolls of noise {unknown}
 I - 3 scrolls of blinking {unknown}
 L - a scroll of summoning {unknown}
 S - a scroll of immolation {unknown}
 W - a scroll of vulnerability {unknown}
Potions
 d - 2 potions of might
 g - 2 potions of agility
 h - 7 potions of curing
 k - a potion of heal wounds
 l - a potion of cancellation
 v - a potion of berserk rage
 w - 4 potions of flight
 H - a potion of invisibility
 J - 3 potions of ambrosia
 K - a potion of haste
 R - a potion of beneficial mutation
Books
 T - a book of Death

   Spells                             Type                      Level
   a - Corpse Rot                     Necromancy                   2
   b - Sublimation of Blood           Necromancy                   2
   c - Agony                          Necromancy                   5
   d - Dispel Undead                  Necromancy                   5
   e - Excruciating Wounds            Charms/Necromancy            5
   f - Bolt of Draining               Conjuration/Necromancy       5
 Y - a book of Annihilations

   Spells                             Type                      Level
   a - Poison Arrow                   Conjuration/Poison           6
   b - Chain Lightning                Conjuration/Air              8
   c - Lehudib's Crystal Spear        Conjuration/Earth            8
   d - Glaciate                       Conjuration/Ice              9
   e - Fire Storm                     Conjuration/Fire             9
Comestibles
 b - a slice of pizza
 f - 7 meat rations
 j - 2 beef jerkies
 n - a royal jelly


   Skills:
 + Level 9.2 Fighting
 + Level 9.0 Long Blades
 + Level 7.9 Armour
 + Level 5.6 Dodging
 + Level 1.0 Stealth
 + Level 9.4 Shields
 + Level 2.5 Invocations


You had 11 spell levels left.
You didn't know any spells.

Dungeon Overview and Level Annotations

Branches:
Dungeon (10/15)            Temple (1/1) D:4            Lair (3/8) D:9
    Orc (0/2) D:9
  Swamp: Lair:3-6    Shoals: Lair:3-6     Snake: Lair:3-6    Spider: Lair:3-6

Altars:
Ashenzari
Cheibriados
Elyvilon
Fedhas
Gozag
Kikubaaqudgha
Makhleb
Nemelex Xobeh
Okawaru
Pakellas
Qazlal
Ru
Sif Muna
Trog
Vehumet
Xom
Yredelemnul
Zin
The Shining One

Shops:
D:5 !(   D:10 :


Innate Abilities, Weirdness & Mutations

Your body is rotting away.
You thrive on raw meat.
You are immune to poison.
You have sharp fingernails.
You are carnivorous and can eat meat at any time.
Your flesh is cold resistant.
You are immune to negative energy.
You regenerate slowly when monsters are visible.
You are immune to unholy pain and torment.
You can survive without breathing.


Message History

You hit the death yak. You freeze the death yak.
The death yak is severely wounded.
You block the death yak's attack. You block the iguana's attack.
You hit the death yak but do no damage.
The death yak is severely wounded.
The death yak gores you.
* * * LOW HITPOINT WARNING * * *
You block the iguana's attack.
You hit the death yak but do no damage.
The death yak is severely wounded.
The death yak gores you.
* * * LOW HITPOINT WARNING * * *
You hit the death yak. You freeze the death yak.
The death yak is severely wounded.
You block the iguana's attack.
The death yak gores you but does no damage.
You barely miss the death yak.
The death yak is severely wounded.
You block the iguana's attack. The death yak gores you!!
You die...

..............#
..............#
..............#
..............#
..............#
.P............#
#......l......#
#......Y@...!.#
P......†......#
..............#
..............#
..............#
..............#
..............#
..............#


You could see a death yak and an iguana.

Vanquished Creatures
  The ghost of Kloppie the Carver, a novice DsBe of Trog (D:7)
  Pikel (D:6)
  2 black mambas
  A torpor snail (Lair:3)
  A gargoyle (D:10)
  A rime drake (Lair:2)
  A troll (D:10)
  8 blink frogs
  A wyvern (D:10)
  12 yaks (D:10)
  A steam dragon (D:9)
  A hungry ghost (D:10)
  4 hippogriffs
  3 water moccasins
  3 porcupines
  5 sky beasts
  5 orc warriors
  An ice beast (D:6)
  2 phantoms (D:7)
  A necrophage (D:6)
  3 black bears
  3 centaurs
  3 ogres
  4 crocodiles
  The ghost of StormFighter the Ruffian, an amateur VSFi (D:3)
  A big kobold (D:8)
  7 giant frogs
  2 scorpions
  10 killer bees (D:10)
  5 wights (D:10)
  4 howler monkeys (D:10)
  An electric eel (Lair:1)
  A crimson imp (D:9)
  2 jellies (D:10)
  A quasit (D:6)
  3 orc wizards
  5 hounds
  A giant frog skeleton (D:6)
  4 orc priests
  4 centaur skeletons
  2 iguanas
  13 worker ants
  2 hound zombies
  A worker ant zombie (D:8)
  Robin (D:4)
  4 gnolls (D:10)
  12 adders
  A howler monkey skeleton (D:8)
  6 river rats (Lair:1)
  4 shadow imps
  2 oozes
  3 adder zombies
  5 worms
  5 giant geckos
  26 orcs
  2 ball pythons
  3 giant cockroaches (D:1)
  9 goblins
  8 hobgoblins
  10 kobolds
  3 quokkas
  3 bats (D:2)
  5 giant newts
  A jackal skeleton (D:4)
  A quokka skeleton (D:4)
  9 rats
  A fungus (Lair:1)
262 creatures vanquished.

Vanquished Creatures (others)
  A hydra (D:2)
  A slave (D:6)
  A worker ant (D:6)
  A howler monkey skeleton (D:6)
  An adder skeleton (D:6)
5 creatures vanquished.

Grand Total: 267 creatures vanquished

Notes
Turn   | Place    | Note
--------------------------------------------------------------
     0 | D:1      | Peloso the Ghoul Fighter began the quest for the Orb.
     0 | D:1      | Reached XP level 1. HP: 19/19 MP: 0/0
   135 | D:1      | Reached XP level 2. HP: 20/25 MP: 1/1
   877 | D:2      | Reached XP level 3. HP: 30/30 MP: 2/2
   937 | D:2      | Found an oddly glowing altar of Pakellas.
   938 | D:2      | Noticed a six-headed hydra
   945 | D:2      | Killed a six-headed hydra
  1381 | D:2      | Reached skill level 1 in Dodging
  1381 | D:2      | Reached XP level 4. HP: 19/40 MP: 3/3
  1769 | D:2      | Reached XP level 5. HP: 13/46 MP: 4/4
  1964 | D:3      | Noticed StormFighter's ghost (amateur VSFi)
  2002 | D:3      | Killed StormFighter's ghost
  2002 | D:3      | Reached XP level 6. HP: 46/52 MP: 5/5
  2035 | D:3      | Found a shimmering altar of Xom.
  2036 | D:3      | Found a blossoming altar of Fedhas.
  2037 | D:3      | Found a white marble altar of Elyvilon.
  2117 | D:3      | Found a faded altar to an unknown god.
  2625 | D:4      | Found a staircase to the Ecumenical Temple.
  2631 | Temple   | Entered the Ecumenical Temple
  2816 | Temple   | Became a worshipper of Warmaster Okawaru
  2981 | D:4      | Found an opulent altar of Gozag.
  2989 | D:4      | Noticed Robin
  3003 | D:4      | Killed Robin
  3044 | D:4      | Got a twisted helmet
  3050 | D:4      | Identified the +1 helmet of Wasted Space {MP+9} (You took it off Robin on level 4 of the Dungeon)
  3550 | D:5      | Entered Level 5 of the Dungeon
  3596 | D:5      | Noticed a sky beast
  3620 | D:5      | Killed a sky beast
  3620 | D:5      | Reached XP level 7. HP: 35/60 MP: 6/6
  3632 | D:5      | Reached * piety under Okawaru
  3719 | D:5      | Found a deep blue altar of Sif Muna.
  3944 | D:5      | Found Geurut's Distillery.
  3998 | D:5      | Found Qexkeviu's Antique Weapon Boutique.
  4184 | D:5      | Reached XP level 8. HP: 67/67 MP: 7/7
  4377 | D:6      | Reached skill level 5 in Fighting
  4401 | D:6      | Noticed Pikel
  4427 | D:6      | Killed Pikel
  4427 | D:6      | Reached ** piety under Okawaru
  4427 | D:6      | Reached skill level 5 in Armour
  4427 | D:6      | Reached skill level 5 in Shields
  4584 | D:6      | Found a burning altar of Makhleb.
  4699 | D:6      | Reached skill level 5 in Long Blades
  4728 | D:6      | Reached XP level 9. HP: 58/73 MP: 8/8
  4778 | D:6      | Found a shattered altar of Ashenzari.
  4792 | D:6      | Reached skill level 1 in Invocations
  5115 | D:7      | Noticed Kloppie's ghost (novice DsBe)
  5460 | D:7      | Reached skill level 5 in Dodging
  6385 | D:7      | Killed Kloppie's ghost
  6385 | D:7      | Reached *** piety under Okawaru
  6385 | D:7      | Reached skill level 1 in Stealth
  6629 | D:8      | Reached XP level 10. HP: 84/84 MP: 10/10
  7225 | D:8      | Found a blossoming altar of Fedhas.
  7314 | D:9      | Found a staircase to the Lair.
  7522 | D:9      | Reached **** piety under Okawaru
  7592 | D:9      | Found a staircase to the Orcish Mines.
  7714 | D:9      | Found a bloodstained altar of Trog.
  7795 | D:10     | Entered Level 10 of the Dungeon
  8160 | D:10     | Reached XP level 11. HP: 43/94 MP: 11/11
  8214 | D:10     | Found Telecvudaz's Book Emporium.
  8553 | D:10     | Reached ***** piety under Okawaru
  8672 | Lair:1   | Entered Level 1 of the Lair of Beasts
  9890 | Lair:2   | Noticed an eight-headed hydra
 10471 | Lair:3   | Noticed a death yak
 10487 | Lair:3   | Reached XP level 12. HP: 49/104 MP: 12/12
 10498 | Lair:3   | Slain by a death yak

Skill      XL: |  1  2  3  4  5  6  7  8  9 10 11 |
---------------+----------------------------------+-----
Armour         | 3 4 5 6 7 |  7.9
Long Blades    | 2 3 5 6 7 9 |  9.0
Shields        | 3 4 5 6 8 9 |  9.4
Dodging        | 1 2 3 4 5 |  5.6
Fighting       | 4 5 6 7 9 |  9.2
Invocations    | 2 |  2.5
Stealth        | 1 |  1.0

Action                   |  1- 3 |  4- 6 |  7- 9 | 10-12 || total
-------------------------+-------+-------+-------+-------++-------
Melee: Long sword        |   121 |   249 |   402 |   399 ||  1171
       Falchion          |       |       |    10 |   286 ||   296
Invok: Heroism           |       |       |    12 |    10 ||    22
  Use: Scroll            |     4 |     1 |    10 |     5 ||    20
  Eat: Chunk             |     3 |    14 |    17 |    32 ||    66
Armor: Scale mail        |    47 |   101 |       |       ||   148
       Chain mail        |       |    20 |   171 |       ||   191
       Plate armour      |       |       |    24 |   275 ||   299
Dodge: Dodged            |    59 |   153 |   163 |   318 ||   693
Block: Shield            |    61 |   143 |   217 |   450 ||   871
